 Dungeon Crawl Stone Soup version 0.24.0 (webtiles) character file.

Game seed: 6909177201415205203, levelgen mode: deterministic

7025 Mrkan the Hand of Shadow (level 10, -2/102 HPs)
             Began as a Troll Monk on Oct 25, 2019.
             Was a High Priest of Dithmenos.
             Slain by a tarantella (shapeshifter) (15 damage)
             ... on level 9 of the Dungeon.
             The game lasted 00:13:54 (6852 turns).

Mrkan the Hand of Shadow (Troll Monk)               Turns: 6852, Time: 00:13:55

Health: -2/102     AC:  8    Str: 23    XL:     10   Next: 82%
Magic:  15/15      EV: 10    Int:  6    God:    Dithmenos [*****.]
Gold:   547        SH:  0    Dex: 13    Spells: 9/9 levels left

rFire    . . .     SeeInvis .     - Unarmed
rCold    . . .     Gourm    +   (no shield)
rNeg     . . .     Faith    .   M - +1 animal skin
rPois    .         Spirit   .   (helmet restricted)
rElec    .         Reflect  .   p - +0 cloak
rCorr    .         Harm     .   (gloves unavailable)
MR       .....                  (boots unavailable)
Stlth    ++........             (no amulet)
HPRegen  0.67/turn              (no ring)
MPRegen  0.14/turn              (no ring)

@: wreathed by umbra
A: large, unfitting armour, claws 3, fast metabolism 3, gourmand, regeneration
1, shaggy fur 1, tough skin 3
a: Shadow Step, Shadow Form, Renounce Religion


You were on level 9 of the Dungeon.
You worshipped Dithmenos.
Dithmenos was extremely pleased with you.
You were completely stuffed.

You visited 1 branch of the dungeon, and saw 9 of its levels.

You collected 547 gold pieces.

Inventory:

Hand Weapons
 a - a +0 giant spiked club
 u - a +0 giant club
 N - a +3 scimitar of flaming
Missiles
 i - 99 poisoned darts (quivered)
 m - 77 stones
 A - 5 boomerangs
 H - 3 throwing nets
 O - 4 large rocks
Armour
 p - a +0 cloak (worn)
 M - a +1 animal skin (worn)
Jewellery
 t - an uncursed ring of ice {unknown}
 x - a cursed ring of attention {unknown}
 z - an uncursed ring of flight {unknown}
Wands
 s - a wand of random effects (17)
 w - a wand of clouds (11)
 B - a wand of polymorph (20)
 E - a wand of flame (33)
Scrolls
 c - 4 scrolls of amnesia {unknown}
 d - 2 scrolls of noise {unknown}
 e - 7 scrolls of remove curse {unknown}
 f - 2 scrolls of immolation {unknown}
 k - 11 scrolls of identify {unknown}
 n - 10 scrolls of teleportation {unknown}
 o - 2 scrolls of blinking {unknown}
 r - 4 scrolls of fog {unknown}
 y - 2 scrolls of random uselessness {unknown}
 C - a scroll of acquirement {unknown}
 L - a scroll of enchant weapon {unknown}
Potions
 g - 2 potions of heal wounds {unknown}
 h - 4 potions of curing
 j - a potion of flight {unknown}
 l - a potion of agility {unknown}
 q - 2 potions of magic {unknown}
 v - a potion of berserk rage {unknown}
 D - 2 potions of brilliance {unknown}
 F - 3 potions of might {unknown}
 G - 2 potions of mutation {unknown}
 J - a potion of cancellation {unknown}
 K - 2 potions of degeneration {unknown}
Comestibles
 b - 16 rations
 I - 9 chunks of flesh


   Skills:
 + Level 7.3 Fighting
 - Level 5.2 Maces & Flails
 * Level 0.0 Throwing
 - Level 2.4 Dodging
 - Level 1.0 Stealth
 - Level 9.2 Unarmed Combat
 - Level 9.3 Invocations


You had 9 spell levels left.
You didn't know any spells.
Your spell library contained the following spells:

 Spells                   Type           Power        Failure   Level  Hunger
 Summon Small Mammal      Summ           #...         45%         1    ##.....
 Call Imp                 Summ           #.......     58%         2    ###....
 Call Canine Familiar     Summ           #.......     83%         3    ####...
 Summon Guardian Golem    Hex/Summ       #.......     83%         3    ####...
 Summon Ice Beast         Ice/Summ       #.......     99%         4    #####..
 Summon Lightning Spire   Summ/Air       #.......     99%         4    #####..


Dungeon Overview and Level Annotations

Branches:
Dungeon (9/15)             Temple (0/1) D:7            Lair (0/6) D:9
    Orc: D:9-12

Altars:
Cheibriados
Dithmenos
Gozag
Hepliaklqana
Makhleb
Nemelex Xobeh
Qazlal
Sif Muna
Vehumet
Wu Jian
Yredelemnul
Zin
The Shining One

Shops:
D:4 [   D:5 :   D:6 ?   D:8 =

Annotations:
D:3 2 transporters
D:6 1 runed translucent door, EWolf27's ghost, novice SpEn


Innate Abilities, Weirdness & Mutations

You are too large for most types of armour.
You have claws for hands.
Your metabolism is lightning-fast.
You like to eat raw meat.
Your natural rate of healing is unusually fast.
You are covered in fur. (AC +1)
You have extremely tough skin. (AC +3)


Message History

The tarantella bites you!
You scratch the tarantella but do no damage.
The tarantella closely misses you.
You claw the tarantella!
The tarantella is moderately wounded.
The tarantella bites you. x2
You closely miss the tarantella.
The tarantella is moderately wounded.
Your shadow hits the tarantella. The tarantella bites you!
* * * LOW HITPOINT WARNING * * *
You are confused.
You feel less confused. The tarantella barely misses you.
The tarantella bites you but does no damage.
The tarantella bites you.
* * * LOW HITPOINT WARNING * * *
The tarantella bites you!
* * * LOW HITPOINT WARNING * * *
The tarantella bites you!
You die...

#..##P....##....#c. #...#...#
#..#PP.....#....##.# ##.##...#
#..#PPPP...#.....##.# ##.##....#
...#PPPP.........###.###.###....#
...#PPPPP.P.......# #.#.###.....#
...#PP.PP.........## #s####.....#
...#P...PP.........# #.# #......#
...#P.>.PP.........###.###......#
...# P..###..@s..##)##........
...# P..#[#......##.##........
...# #.#.......#.#.........
...#########.#.......#.#.........
....#........#........)..........
....##'#######...................
.................................
....[.###########...........^....
..##### #...########.....


You could see a tarantella.

Vanquished Creatures
  Harold (D:9)
  A two-headed ogre (D:9)
  A cyclops (D:9)
  An efreet (D:9)
  Grinder (D:3)
  A hippogriff (D:7)
  Sigmund (D:3)
  A wyvern (D:8)
  Grum (D:9)
  6 yaks (D:9)
  2 water moccasins
  Duvessa (D:5)
  A black bear (D:8)
  2 ice beasts
  3 sky beasts
  2 phantoms (D:6)
  4 wolves (D:9)
  4 ogres
  A centaur (D:7)
  3 bullfrogs
  Dowan (D:5)
  2 scorpions
  3 wights (D:6)
  A crimson imp (D:3)
  3 bullfrog zombies
  A centaur zombie (D:8)
  6 orc priests
  A hound (D:7)
  A quasit (D:7)
  Crazy Yiuf (D:3)
  3 centaur skeletons
  A bullfrog skeleton (D:5)
  Natasha (D:3)
  Terence (D:3)
  3 iguanas
  8 orc wizards
  4 worker ants
  2 hound skeletons
  A worker ant zombie (D:5)
  4 gnolls
  6 adders
  2 shadow imps (D:5)
  An ooze (D:3)
  4 worms
  A dart slug (D:2)
  A leopard gecko (D:1)
  21 orcs
  4 ball pythons
  5 giant cockroaches
  11 goblins
  8 hobgoblins
  12 jackals
  6 kobolds
  2 quokkas
  11 bats
  4 frilled lizards
  A jackal skeleton (D:4)
  A leopard gecko skeleton (D:7)
  2 leopard gecko zombies
  A quokka skeleton (D:4)
  3 rats
193 creatures vanquished.

Vanquished Creatures (others)
  An adder skeleton (D:9)
1 creature vanquished.

Grand Total: 194 creatures vanquished

Notes
Turn   | Place    | Note
-------+----------+-------------------------------------------
     0 | D:1      | Mrkan the Troll Monk began the quest for the Orb.
     0 | D:1      | Reached XP level 1. HP: 22/22 MP: 0/0
   147 | D:1      | Reached XP level 2. HP: 25/29 MP: 1/1
  1019 | D:2      | Reached XP level 3. HP: 36/36 MP: 2/2
  1309 | D:2      | Found a shadowy altar of Dithmenos.
  1344 | D:2      | Found a shimmering blue altar of Sif Muna.
  1365 | D:2      | Became a worshipper of Dithmenos the Shadowed
  1365 | D:2      | Reached * piety under Dithmenos
  1365 | D:2      | Reached ** piety under Dithmenos
  1467 | D:2      | Reached skill level 5 in Unarmed Combat
  1467 | D:2      | Reached XP level 4. HP: 39/44 MP: 3/3
  1511 | D:2      | Found an opulent altar of Gozag.
  1965 | D:3      | Found a transporter.
  1997 | D:3      | Found a transporter.
  2047 | D:3      | Noticed Sigmund
  2058 | D:3      | Killed Sigmund
  2058 | D:3      | Reached XP level 5. HP: 34/50 MP: 4/4
  2058 | D:3      | Reached XP level 6. HP: 40/59 MP: 5/5
  2113 | D:3      | Noticed Grinder
  2118 | D:3      | Paralysed by Grinder for 7 turns
  2145 | D:3      | Paralysed by Grinder for 6 turns
  2155 | D:3      | Killed Grinder
  2203 | D:3      | Reached *** piety under Dithmenos
  2350 | D:3      | Noticed Natasha
  2357 | D:3      | Killed Natasha
  2357 | D:3      | Reached XP level 7. HP: 66/66 MP: 6/6
  2375 | D:3      | Found a radiant altar of Vehumet.
  2376 | D:3      | Found a burning altar of Makhleb.
  2448 | D:3      | Found a runed translucent door.
  2449 | D:3      | Noticed Crazy Yiuf
  2581 | D:3      | Noticed Terence
  2584 | D:3      | Killed Terence
  2668 | D:3      | Killed Crazy Yiuf
  2820 | D:4      | Found Neam's Armour Shoppe.
  3245 | D:4      | Found a stormy altar of Qazlal.
  3246 | D:4      | Noticed a fire elemental
  3255 | D:4      | Noticed an air elemental
  3255 | D:4      | Noticed a water elemental
  3297 | D:4      | Reached skill level 1 in Invocations
  3524 | D:5      | Entered Level 5 of the Dungeon
  3551 | D:5      | Found a hazy altar of Hepliaklqana.
  3570 | D:5      | Noticed Duvessa
  3586 | D:5      | Killed Duvessa
  3586 | D:5      | Reached XP level 8. HP: 62/75 MP: 8/8
  3588 | D:5      | Noticed Dowan
  3599 | D:5      | Killed Dowan
  3722 | D:5      | Reached **** piety under Dithmenos
  3813 | D:5      | Found Catol's Book Shoppe.
  4080 | D:5      | Found a sparkling altar of Nemelex Xobeh.
  4080 | D:5      | Found a glowing golden altar of the Shining One.
  4085 | D:5      | Found a glowing silver altar of Zin.
  4087 | D:5      | Found a basalt altar of Yredelemnul.
  4089 | D:5      | Found an ornate altar of the Wu Jian Council.
  4166 | D:6      | Reached skill level 5 in Fighting
  4225 | D:6      | Reached XP level 9. HP: 73/88 MP: 11/11
  4226 | D:6      | Reached skill level 5 in Invocations
  4408 | D:6      | Found Zoxys's Magic Scroll Shoppe.
  4509 | D:6      | Found a runed translucent door.
  4510 | D:6      | Noticed EWolf27's ghost (novice SpEn)
  4518 | D:6      | Found a snail-covered altar of Cheibriados.
  5390 | D:7      | Found a staircase to the Ecumenical Temple.
  5635 | D:8      | Found Asilaise's Jewellery Emporium.
  6073 | D:9      | Noticed Harold
  6092 | D:9      | Killed Harold
  6092 | D:9      | Reached XP level 10. HP: 48/102 MP: 14/14
  6194 | D:9      | Noticed Grum
  6216 | D:9      | Reached skill level 1 in Maces & Flails
  6221 | D:9      | Killed Grum
  6389 | D:9      | Reached ***** piety under Dithmenos
  6584 | D:9      | Found a staircase to the Lair.
  6709 | D:9      | Noticed a two-headed ogre
  6711 | D:9      | Noticed a cyclops
  6732 | D:9      | Killed a two-headed ogre
  6811 | D:9      | Killed a cyclops
  6811 | D:9      | Reached skill level 5 in Maces & Flails
  6825 | D:9      | Identified the ring "Iqatt" {rPois MR+++ Str+4 Dex-5
                  | Stlth+}
  6825 | D:9      | Noticed a centaur warrior
  6852 | D:9      | Slain by a tarantella (shapeshifter)

Levels and vault maps discovered:
D:1:      minmay_arrival_nine_rooms, layout_basic
D:2:      layout_basic, overflow_temple_1_default, old_standard_altar,
          lemuel_blue_sif_altar, hex_medium, minivault_5
D:3:      gammafunk_wand_slinger, layout_basic,
          grunt_temple_overflow_lords_of_destruction, uniq_grinder,
          uniq_sigmund, uniq_crazy_yiuf_cottage, uniq_terence, uniq_natasha
D:4:      layout_basic, nicolae_qazlal_style_of_elements, serial_shops, shop
D:5:      layout_rooms, chequers_temple_overflow_minitemple, serial_shops, shop,
          basic_altar, first_ration, uniq_duvessa
D:6:      layout_cave_pools, overflow_temple_1_default, gammafunk_ghost_grave,
          serial_shops, shop
D:7:      layout_basic, temple_hall, minmay_misc_feat_plants
D:8:      layout_rooms, serial_shops, shop
D:9:      minmay_the_grid_triangle_9x9_recursive_2_mashed
          [minmay_the_grid_triangle_9x9_prize_special,
          minmay_the_grid_triangle_9x9_checkered,
          minmay_the_grid_triangle_9x9_wacky_v,
          minmay_the_grid_triangle_9x9_minimal], layout_irregular_city,
          david_lair_shrubbed, uniq_grum, uniq_harold
